 Dungeon Crawl Stone Soup version 0.25-a0-578-gc91f01c39c (webtiles) character file.

Game seed: 9123833775505905138, levelgen mode: deterministic

0 Gargoyl the Skirmisher (level 1, -3/19 HPs)
             Began as a Centaur Abyssal Knight on Mar 3, 2020.
             Was a Follower of Lugonu.
             Slain by a fire bat (7 damage)
             ... on level 1 of the Abyss.
             The game lasted 00:01:47 (209 turns).

Gargoyl the Skirmisher (Centaur Abyssal Knight)      Turns: 209, Time: 00:01:48

Health: -3/19      AC:  4    Str: 14    XL:     1   Next: 0%
Magic:  2/2        EV:  9    Int: 11    God:    Lugonu [*.....]
Gold:   21         SH:  0    Dex:  8    Spells: 0/0 levels left

rFire    . . .     SeeInvis .   a - +1 hand axe
rCold    . . .     Gourm    .   (no shield)
rNeg     . . .     Faith    .   b - +0 leather armour
rPois    .         Spirit   .   (no helmet)
rElec    .         Reflect  .   (no cloak)
rCorr    .         Harm     .   (no gloves)
MR       .....                  (no barding)
Stlth    ..........             (no amulet)
HPRegen  0.06/turn              (no ring)
MPRegen  0.08/turn              (no ring)

@: very slightly contaminated, very quick
A: large, hooves 3, deformed body, speed 2, tough skin 3
a: Depart the Abyss, Renounce Religion


You were on level 1 of the Abyss.
You worshipped Lugonu.
Lugonu was aware of your devotion.
You were not hungry.

You visited 0 branches of the dungeon, and saw 0 of its levels.
You visited the Abyss 1 time.

You collected 21 gold pieces.

Inventory:

Hand Weapons
 a - a +1 hand axe (weapon)
Armour
 b - a +0 leather armour (worn)
Comestibles
 c - a ration


   Skills:
 + Level 3.0 Fighting
 + Level 1.7 Axes
 + Level 1.3 Armour
 + Level 0.6 Dodging
 + Level 2.0 Invocations


You couldn't memorise any spells.
You didn't know any spells.
Your spell library was empty.

Dungeon Overview and Level Annotations

Branches:
Dungeon (0/15)

Altars:


Innate Abilities, Weirdness & Mutations

You have hooves in place of feet.
Armour fits poorly on your strangely shaped body.
You cover ground very quickly.
You have extremely tough skin. (AC +3)


Message History

You see here a scroll labeled CUALAKLONA.
d - a scroll labeled CUALAKLONA Tentacles burst from the starspawn's body! 2 starspawn tentacles come into view.
Blink to where?
Press: ? - help, Dir - move target cursor You are very lightly contaminated with residual magic.
As you read the scroll labeled CUALAKLONA, it crumbles to dust.
It was a scroll of blinking.
A fire bat comes into view.
The fire bat barely misses you. The fire bat barely misses you.
The fire bat bites you but does no damage.
The fire bat bites you.
You are engulfed in flames!
The fire bat closely misses you.
The fire bat bites you but does no damage.
The fire bat bites you.
* * * LOW HITPOINT WARNING * * *
You are engulfed in flames!
You die...

..... ... ... ... ..
# ##.## #.#
..####...###...
#...#.....#.... ≈#
#......@....... ≈≈
....#..b..#.... ♣≈ ##
##...## . ≈≈≈≈###.
##.##
≈≈≈≈≈.#..###...##
≈≈≈≈≈...#.....#... #
≈≈≈≈≈≈............
w..≈♣≈≈≈≈.#.....#...
#....≈≈≈≈.....#.#....


You could see a fire bat.

Vanquished Creatures (others)
  4 starspawn tentacles (Abyss:1)
4 creatures vanquished.

Notes
Turn   | Place    | Note
-------+----------+-------------------------------------------
     0 | Abyss:1  | Gargoyl the Centaur Abyssal Knight began the quest for the
                  | Orb.
     0 | Abyss:1  | Reached XP level 1. HP: 19/19 MP: 2/2
    97 | Abyss:1  | Noticed a quasit
    99 | Abyss:1  | Noticed a small abomination
   155 | Abyss:1  | Noticed a raiju
   169 | Abyss:1  | Noticed a large abomination
   181 | Abyss:1  | Noticed a balrug
   188 | Abyss:1  | Noticed a tentacled starspawn
   194 | Abyss:1  | Noticed a large abomination
   202 | Abyss:1  | Noticed a fire bat
   209 | Abyss:1  | Slain by a fire bat

Levels and vault maps discovered:
Abyss:1:  patterned_corridor, minivault_20

Action                   || total
-------------------------++-------
  Use: Scroll            ||     3
Armor: Leather armour    ||     2
Dodge: Dodged            ||     3

Table legend:
 A = Non-vault XP
 B = Vault XP
 C = Vault XP percentage of total XP
 D = Non-vault monster count
 E = Vault monster count
 F = Vault count percentage of total count
                 A         B        C        D         E       F
            +---------+---------+-------+---------+---------+-------
      Total |       0 |       0 |   N/A |       0 |       0 |  -nan
            +---------+---------+-------+---------+---------+-------
            +---------+---------+-------+---------+---------+-------
